 Dungeon Crawl Stone Soup version 0.29.1-12-g30fa7ad0bf (webtiles) character file.

Game seed: 14597335449167826181

24 wormed the Trooper (level 2, -2/24 HPs)
             Began as a Demonspawn Fighter on Dec 22, 2022.
             Slain by a gnoll
             ... wielding a +0 halberd
              (4 damage)
             ... on level 1 of the Dungeon.
             The game lasted 00:01:03 (1212 turns).

wormed the Trooper (Demonspawn Fighter)             Turns: 1212, Time: 00:01:04

Health: -2/24      AC:  6    Str: 16    XL:     2   Next: 79%
Magic:  2/2        EV:  8    Int:  9    God:
Gold:   63         SH:  4    Dex: 12    Spells: 1/1 levels left

rFire   . . .      SeeInvis .   a - +0 flail
rCold   . . .      Faith    .   c - +0 buckler
rNeg    . . .      Spirit   .   b - +0 scale mail
rPois   .          Reflect  .   (no helmet)
rElec   .          Harm     .   (no cloak)
rCorr   .          Rampage  .   (no gloves)
Will    .....                   (no boots)
Stlth   ..........              (no amulet)
HPRegen 0.08/turn               (no ring)
MPRegen 0.08/turn               (no ring)

@: flying
A: weakness stinger 1
a: no special abilities


You were on level 1 of the Dungeon.
You visited 1 branch of the dungeon, and saw 2 of its levels.

You collected 63 gold pieces.

Inventory:

Hand Weapons
 a - a +0 flail (weapon)
Armour
 b - a +0 scale mail (worn)
 c - a +0 buckler (worn)
Scrolls
 j - a scroll of amnesia
 k - a scroll of identify {unknown}
Potions
 d - a potion of might
 e - a potion of mutation {unknown}
 f - a potion of flight
 g - a potion of heal wounds {unknown}
 h - a potion of curing {unknown}
 i - a potion of haste {unknown}
 l - a potion of berserk rage {unknown}


   Skills:
 + Level 3.2 Fighting
 * Level 2.3 Maces & Flails
 + Level 2.9 Armour
 + Level 2.9 Shields


You had one spell level left.
You didn't know any spells.
Your spell library was empty.

Dungeon Overview and Level Annotations

Branches:
Dungeon (2/15)

Altars:


Innate Abilities, Weirdness & Mutations

You have a small tail.


Message History

There is a fountain of clear blue water here.
A bat comes into view.
A bat is nearby!
You block the bat's attack.
You closely miss the bat.
Your tail-slap misses the bat.
The bat hits you but does no damage. You block the bat's attack.
You closely miss the bat. The bat barely misses you. x2
The bat hits you but does no damage. The bat barely misses you.
The bat hits you but does no damage. The bat closely misses you.
You barely miss the bat. The bat barely misses you.
The bat hits you but does no damage. The bat barely misses you.
You sock the bat!
You kill the bat!
No target in view!
No target in view!
No target in view!
No target in view!
Done exploring.
Done exploring.
There is a stone staircase leading down here.
You climb downwards.
The gnoll shouts! x4
Found 2 scrolls labelled POMMUO BAOMU.
Found a stone staircase leading down.
There is a stone staircase leading up here.
There are monsters nearby!
The gnoll hits you with a +0 halberd!
Ouch! That really hurt!
The gnoll hits you from afar with a +0 spear!
* * * LOW HITPOINT WARNING * * *
You block the gnoll's attack. The gnoll closely misses you.
You climb upwards.
There is a stone staircase leading down here.
It was a potion of flight.
You feel very buoyant.
You fly up into the air.
The gnoll barely misses you.
As you read the scroll labelled CELIOCEEFEE, it crumbles to dust.
It is a scroll of amnesia.
You feel forgetful for a moment. The gnoll hits you with a +0 halberd.
You die...

#...##.....#..#######.#
#.#.#
....##.............##.#
#.#.#
..####.....##..###.##.#
#.#†# ..# #.....###.#
#.##.# #.#.# ###
#.....# #.# #....#
#.#.# #.....#
#.###..### #.#.#
#.....# #...#..# #.#.#
#.....#
###....########.#.#
#######
#@g...........#.##
###...............
#..............#.
#.........######.
#########.# #. #.# #.
#.# #. #.# #. #.# #.


You could see a gnoll.

Vanquished Creatures
  2 ball pythons (D:1)
  2 goblins (D:1)
  3 hobgoblins (D:1)
  2 jackals (D:1)
  A kobold (D:1)
  A quokka (D:1)
  4 bats (D:1)
  3 frilled lizards (D:1)
  5 rats (D:1)
23 creatures vanquished.

Vanquished Creatures (others)
  3 plants (D:1)
  4 toadstools (D:1)
  A withered plant (D:1)
8 creatures vanquished.

Grand Total: 31 creatures vanquished

Notes
Turn   | Place    | Note
-------+----------+-------------------------------------------
     0 | D:1      | wormed the Demonspawn Fighter began the quest for the Orb.
     0 | D:1      | Reached XP level 1. HP: 18/18 MP: 1/1
   440 | D:1      | Gained mutation: You have a small tail. [demonic ancestry]
   440 | D:1      | Reached XP level 2. HP: 17/24 MP: 2/2
   666 | D:1      | Found a faded altar of an unknown god.
  1212 | D:1      | Slain by a gnoll

Illustrated notes

Levels and vault maps discovered:
D:1:      ldierk_water_garden, layout_basic,
          shapermc_ecumenical_altar_flowoftime
D:2:      layout_basic

Skill      XL: |  1 |
---------------+----+-----
Maces & Flails | 2 |  2.3
Fighting       | |  3.2
Armour         | |  2.9
Shields        | |  2.9

Action                   || total
-------------------------++-------
Melee: Flail             ||    75
       Tailslap          ||     6
  Use: Scroll            ||     1
       Potion            ||     1
Armor: Scale mail        ||    56
Dodge: Dodged            ||    44
Block: Buckler           ||    28
